 Dungeon Crawl Stone Soup version 0.19.5 (webtiles) character file.

756 Megalobster the Charmwright (level 7, 0/36 HPs)
             Began as a Deep Elf Conjurer on Apr 15, 2017.
             Slain by a hound (4 damage)
             ... on level 5 of the Dungeon.
             The game lasted 00:17:55 (4762 turns).

Megalobster the Charmwright (Deep Elf Conjurer)     Turns: 4762, Time: 00:17:56

Health: 0/36       AC:  3    Str:  8    XL:     7   Next: 50%
Magic:  11/26      EV: 13    Int: 24    God:
Gold:   22         SH:  0    Dex: 15    Spells: 4 memorised, 5 levels left

rFire  + . .     SeeInvis .     u - +0 dagger (venom)
rCold  . . .     Gourm    +     a - +0 robe
rNeg   . . .     Faith    .     (no shield)
rPois  .         Spirit   .     F - +0 helmet of the Mantidfly {rF+ Int+2}
rElec  .         Reflect  .     (no cloak)
rCorr  .         Harm     .     (no gloves)
MR     .....                    (no boots)
Stlth  ++........               o - amulet of the gourmand
                                w - ring of magical power
                                j - +3 ring of strength

@: very slightly contaminated
A: no striking features
a: no special abilities


You were on level 5 of the Dungeon.
You were completely stuffed.

You visited 1 branch of the dungeon, and saw 5 of its levels.

You collected 221 gold pieces.
You spent 199 gold pieces at shops.

Inventory:

Hand Weapons
 h - a +0 dagger
 u - a +0 dagger of venom (weapon)
Armour
 a - a +0 robe (worn)
 t - a +0 helmet
 y - a +0 robe
 C - a +0 leather armour of poison resistance
 F - the +0 helmet of the Mantidfly (worn) {rF+ Int+2}
   (You bought it in a shop on level 4 of the Dungeon)

   It affects your intelligence (+2).
   It protects you from fire.
Jewellery
 j - a +3 ring of strength (left hand)
 o - an amulet of the gourmand (around neck)
 w - a ring of magical power (right hand)
Wands
 v - a wand of flame (10/48)
Scrolls
 f - 3 scrolls of remove curse
 g - 2 scrolls of fear {unknown}
 k - 2 scrolls of fog {unknown}
 l - a scroll of immolation {unknown}
 p - a scroll of amnesia {unknown}
 s - 2 scrolls of identify {unknown}
 A - a scroll of magic mapping {unknown}
 D - a scroll of teleportation {unknown}
 E - a scroll of enchant armour {unknown}
Potions
 d - 3 potions of heal wounds {unknown}
 e - 3 potions of degeneration {unknown}
 i - 3 potions of might {unknown}
 n - a potion of invisibility {unknown}
 z - a potion of flight {unknown}
 B - a potion of cancellation {unknown}
 G - a potion of berserk rage {unknown}
Books
 b - a book of Conjurations

   Spells                             Type                      Level
   a - Magic Dart                     Conjuration                  1
   b - Searing Ray                    Conjuration                  2
   c - Dazzling Spray                 Conjuration/Hexes            3
   d - Fulminant Prism                Conjuration/Hexes            4
   e - Iskenderun's Mystic Blast      Conjuration                  4
   f - Iskenderun's Battlesphere      Conjuration/Charms           5
 x - a book of Necromancy

   Spells                             Type                      Level
   a - Pain                           Necromancy                   1
   b - Animate Skeleton               Necromancy                   1
   c - Vampiric Draining              Necromancy                   3
   d - Regeneration                   Charms/Necromancy            3
   e - Animate Dead                   Necromancy                   4
   f - Control Undead                 Necromancy                   4
Comestibles
 c - 3 bread rations
 m - 2 meat rations
 q - a beef jerky
 r - a slice of pizza
 H - a chunk of flesh


   Skills:
 - Level 2.4 Dodging
 - Level 2.4 Stealth
 - Level 5.6 Spellcasting
 - Level 7.0 Conjurations
 * Level 7.9 Charms


You had 5 spell levels left.
You knew the following spells:

 Your Spells              Type           Power        Failure   Level  Hunger
a - Magic Dart            Conj           ####         1%          1    None
b - Searing Ray           Conj           #####.       1%          2    None
c - Iskenderun's Mystic   Conj           #####...     6%          4    ###....
d - Iskenderun's Battles  Conj/Chrm      #####...     14%         5    #####..


Dungeon Overview and Level Annotations

Branches:
Dungeon (5/15)
 Temple: D:4-7

Altars:
Dithmenos
Elyvilon
Fedhas
Makhleb
Qazlal
Trog
Uskayaw
Xom
Yredelemnul

Shops:
D:4 *

Annotations:
D:5 Pikel


Message History

Press: ? - help, Shift-Dir - straight line, f/p - Pikel
Aim: Pikel, wielding a whip of freezing and wearing a robe (severely wounded)
The searing ray hits Pikel.
Pikel is severely wounded. (Press . to maintain the ray.)
The jackal barks!
The hound bites you. The slave completely misses you. Pikel barely misses you.
The slave hits you. The hound bites you. The slave barely misses you.
The searing ray hits Pikel.
Pikel is almost dead.
The slave completely misses you. The hound misses you.
Pikel closely misses you. The slave hits you.
A jackal comes into view.
The jackal barks!
The slave hits you!
* * * LOW HITPOINT WARNING * * *
The searing ray misses Pikel.
The searing ray hits the orc.
You kill the orc!
The hound bites you.
You die...

.................
..................
..................
...............%..
..................
..................
.h.h..............
.)...ppph.<..>....
.....[K@..........
......p...........
..................
..................
..................
..................
.........(........
################.


You could see Pikel, 4 slaves, a hound and 2 jackals.

Vanquished Creatures
  Sigmund (D:3)
  2 ogres (D:4)
  3 iron imps (D:4)
  3 orc wizards (D:4)
  A worker ant (D:4)
  A hound skeleton (D:4)
  Robin (D:2)
  7 adders
  5 gnolls
  4 dart slugs
  3 leopard geckos
  8 orcs
  3 giant cockroaches
  11 hobgoblins
  9 jackals
  3 quokkas
  5 bats
  2 frilled lizards
  12 goblins
  9 kobolds
  10 rats
103 creatures vanquished.

Notes
Turn   | Place    | Note
-------+----------+-------------------------------------------
     0 | D:1      | Megalobster the Deep Elf Conjurer began the quest for the Orb.
     0 | D:1      | Reached XP level 1. HP: 10/10 MP: 6/6
   268 | D:1      | Reached XP level 2. HP: 15/15 MP: 6/8
   272 | D:1      | Learned a level 2 spell: Searing Ray
   672 | D:1      | Reached skill level 5 in Conjurations
   990 | D:1      | Reached XP level 3. HP: 10/19 MP: 2/10
  1689 | D:2      | Reached XP level 4. HP: 24/24 MP: 4/12
  1821 | D:2      | Noticed Robin
  1829 | D:2      | Killed Robin
  1834 | D:2      | HP: 1/24 [hobgoblin/club[Robin] (5)]
  2432 | D:3      | Learned a level 4 spell: Iskenderun's Mystic Blast
  2771 | D:3      | Noticed Sigmund
  2776 | D:3      | Killed Sigmund
  2776 | D:3      | Reached skill level 5 in Spellcasting
  2776 | D:3      | Reached XP level 5. HP: 22/28 MP: 15/15
  2776 | D:3      | Reached XP level 6. HP: 25/32 MP: 15/16
  2784 | D:3      | Learned a level 5 spell: Iskenderun's Battlesphere
  2830 | D:3      | Found a basalt altar of Yredelemnul.
  2845 | D:3      | Found a hide-covered altar of Uskayaw.
  2845 | D:3      | Found a blossoming altar of Fedhas.
  2845 | D:3      | Found a bloodstained altar of Trog.
  2861 | D:3      | Found a white marble altar of Elyvilon.
  2872 | D:3      | Found a shimmering altar of Xom.
  2889 | D:3      | Found a shadowy altar of Dithmenos.
  3026 | D:3      | Reached skill level 1 in Charms
  3229 | D:4      | Found Kumok's Assorted Antiques.
  3431 | D:4      | Found a stormy altar of Qazlal.
  3720 | D:4      | Bought a scorched helmet for 199 gold pieces
  3730 | D:4      | Identified the +0 helmet of the Mantidfly {rF+ Int+2} (You bought it in a shop on level 4 of the Dungeon)
  3930 | D:4      | Reached skill level 5 in Charms
  3942 | D:4      | Reached XP level 7. HP: 31/36 MP: 12/17
  4254 | D:4      | Found a burning altar of Makhleb.
  4750 | D:5      | Entered Level 5 of the Dungeon
  4752 | D:5      | Noticed Pikel
  4762 | D:5      | Slain by a hound

Skill      XL: |  1  2  3  4  5  6  7 |
---------------+----------------------+-----
Conjurations   | 5 7 |  7.0
Spellcasting   | 4 5 |  5.6
Charms         | 5 7 |  7.9
Dodging        | |  2.4
Stealth        | |  2.4

Action                   |  1- 3 |  4- 6 |  7- 9 || total
-------------------------+-------+-------+-------++-------
Melee: Dagger            |       |     1 |       ||     1
 Cast: Magic Dart        |    55 |   100 |    28 ||   183
       Searing Ray       |     5 |     7 |     6 ||    18
       Iskenderun's Myst |       |     1 |     4 ||     5
  Use: Scroll            |     1 |       |       ||     1
  Eat: Chunk             |     3 |    15 |     3 ||    21
Armor: Robe              |       |     5 |       ||     5
Dodge: Dodged            |    15 |    15 |    19 ||    49
